 Dungeon Crawl Stone Soup version 0.32-a0-705-g60f233581c (webtiles) character file.

Game seed: 13958516238384671910

5695 hikkokomori the Skirmisher (level 10, -4/82 HPs)
             Began as a Coglin Hunter on Mar 14, 2024.
             Was a Priest of Okawaru.
             Slain by an ice devil (12 damage)
             ... on level 9 of the Dungeon.
             The game lasted 00:20:04 (8077 turns).

hikkokomori the Skirmisher (Coglin Hunter)          Turns: 8077, Time: 00:20:04

Health: -4/82      AC:  7    Str: 11    XL:     10   Next: 76%
Magic:  13/13      EV: 11    Int:  9    God:    Okawaru [***...]
Gold:   469        SH:  0    Dex: 22    Spells: 10/13 levels left

rFire   + . .        a - +6 sling {Harkiran}
rCold   . . .        d - +0 sling {Ximena}
rNeg    + . .        k - +3 leather armour of Impressiveness {^Contam rF+ rN+}
rPois   .            (no helmet)
rElec   .            (no cloak)
rCorr   .            (no gloves)
SInv    .            q - +0 pair of boots
Will    .....        (amulet unavailable)
Stlth   ++           (ring unavailable)
HPRegen 0.33/turn    (ring unavailable)
MPRegen 0.13/turn    (no gizmo)

%: no passive effects
@: revved
A: off-hand wielding, slow wielding, warmup strikes, no jewellery
a: Invent Gizmo, Renounce Religion, Heroism


You were on level 9 of the Dungeon.
You worshipped Okawaru.
Okawaru was most pleased with you.
You visited 2 branches of the dungeon, and saw 10 of its levels.
You also visited: Ossuary.

You collected 495 gold pieces.
You spent 26 gold pieces at shops.

Inventory:

Hand Weapons
 a - a +6 sling (weapon) {Harkiran}
 d - a +0 sling (offhand) {Ximena}
Missiles
 n - 2 atropa-tipped darts
Armour
 c - a +1 leather armour
 k - the +3 leather armour of Impressiveness (worn) {^Contam rF+ rN+}
   (You found it on level 2 of the Dungeon)

   rF+:       It protects you from fire.
   rN+:       It protects you from negative energy.
   ^Contam:   It causes magical contamination when unequipped.
 q - a +0 pair of boots (worn)
Wands
 s - a wand of digging (3)
 w - a wand of flame (41)
 x - a wand of paralysis (4)
 B - a wand of roots (6)
Scrolls
 b - a scroll of butterflies
 g - 3 scrolls of fog
 r - 5 scrolls of teleportation
 u - 2 scrolls of amnesia
 y - a scroll of enchant armour
 C - a scroll of poison
Potions
 e - 5 potions of enlightenment
 f - 2 potions of lignification
 h - 5 potions of degeneration
 i - 3 potions of haste
 j - 2 potions of heal wounds
 l - 3 potions of might
 m - 3 potions of mutation
 o - 3 potions of curing
 t - a potion of invisibility
 v - 2 potions of brilliance
 z - a potion of attraction
 A - a potion of ambrosia


   Skills:
 + Level 8.6 Fighting
 + Level 9.2 Ranged Weapons
 - Level 1.7 Dodging
 - Level 0.7 Stealth
 - Level 2.0 Spellcasting
 - Level 5.0 Air Magic
 + Level 3.6 Invocations
 + Level 7.5 Evocations


You had 10 spell levels left.
You knew the following spells:

 Your Spells              Type           Power      Damage    Failure   Level
a - Swiftness             Air            10%        N/A       16%         3

Your spell library contained the following spells:

 Spells                   Type           Power      Damage    Failure   Level
 Shock                    Conj/Air       20%        1d4       16%         1
 Apportation              Tloc           0%         N/A       41%         1
 Necrotise                Necr           0%         1d4       41%         1
 Sting                    Conj/Alch      0%         1d3       41%         1
 Airstrike                Air            5%         2d(1-17)  47%         4
 Inner Flame              Hex/Fire       0%         N/A       78%         3
 Volatile Blastmotes      Fire/Tloc      0%         2d10      78%         3
 Brom's Barrelling Bould  Conj/Erth      0%         2d3       99%         4
 Fulminant Prism          Conj/Alch      0%         3d5       99%         4
 Iskenderun's Mystic Bla  Conj/Tloc      0%         2d3       99%         4
 Fireball                 Conj/Fire      0%         3d3       100%        5
 Irradiate                Conj/Alch      0%         3d11      100%        5
 Iskenderun's Battlesphe  Conj           0%         2d6       100%        5
 Conjure Ball Lightning   Conj/Air       2%         3x3d6     100%        6
 Orb of Destruction       Conj           0%         9d5       100%        7
 Ignition                 Fire           0%         3d3       100%        8
 Summon Small Mammal      Summ           Unusable   N/A       N/A         1

Dungeon Overview and Level Annotations

Branches:
Dungeon (9/15)             Temple (1/1) D:7         Ossuary (visited)
   Lair: D:8-11         Orc: D:9-12

Altars:
Ashenzari
Cheibriados
Dithmenos
Elyvilon
Fedhas
Gozag
Hepliaklqana
Kikubaaqudgha
Makhleb
Nemelex Xobeh
Okawaru
Ru
Sif Muna
Trog
Uskayaw
Vehumet
Wu Jian
Xom
Yredelemnul
Zin

Shops:
D:3 (   D:4 *   D:8 *


Innate Abilities, Weirdness & Mutations

You can wield a second weapon in your off-hand.
It takes a long time for you to wield or remove held weapons.
Your first few attacks do less damage.
You cannot equip rings or amulets.


Message History

The ice devil is severely wounded.
The ice devil hits you but does no damage.
You shoot a sling bullet.
The sling bullet closely misses the ice devil.
You shoot a sling bullet. The sling bullet hits the ice devil.
The ice devil is severely wounded.
The ice devil hits you but does no damage.
You shoot a sling bullet.
The sling bullet closely misses the ice devil.
You shoot a sling bullet.
The sling bullet barely misses the ice devil.
The ice devil hits you. The ice devil freezes you!
You shoot a sling bullet.
The sling bullet barely misses the ice devil.
You shoot a sling bullet.
The sling bullet hits the ice devil but does no damage.
The ice devil is severely wounded.
The ice devil hits you! The ice devil freezes you!
* * * LOW HITPOINT WARNING * * *
You shoot a sling bullet.
The sling bullet hits the ice devil but does no damage.
The ice devil is severely wounded.
You shoot a sling bullet.
The sling bullet completely misses the ice devil.
The ice devil hits you but does no damage.
Aiming: Throw Flame
Press: ? - help, Shift-Dir - straight line, f/p - ice devil
Aim: an ice devil (severely wounded, 76% to hit)
The puff of flame hits the ice devil but does no damage.
The ice devil is severely wounded.
The ice devil misses you.
Aiming: Throw Flame
Press: ? - help, Shift-Dir - straight line, f/p - ice devil
Aim: an ice devil (severely wounded, 76% to hit)
The puff of flame hits the ice devil.
The ice devil is burned terribly!
The ice devil is severely wounded.
The ice devil hits you!
* * * LOW HITPOINT WARNING * * *
The ice devil freezes you!
You die...

...................)....##
...........<.............#
......>.........###.......
...........)....## ...#...
.#.[.............# ##.##.
.............###.#...
............##.......
...............#
........####@4# .......
###..# ...... #..# ..##
#.# .# ... ... $.


You could see an ice devil.

Vanquished Creatures
  A two-headed ogre (D:8)
  A freezing wraith (D:9)
  Sigmund (D:4)
  A wraith (D:6)
  6 yaks (D:9)
  A wyvern (D:8)
  2 steam dragons
  Menkaure (D:4)
  2 water moccasins
  A sky beast (D:7)
  A black bear (D:6)
  An ogre (D:5)
  A centaur (D:9)
  3 phantoms
  2 kobold brigands
  2 scorpions
  4 bullfrogs
  3 water moccasin zombies (Ossuary)
  A wyvern zombie (D:6)
  A burial acolyte (Ossuary)
  5 wights (D:8)
  5 killer bees (D:8)
  6 electric eels (D:6)
  2 howler monkeys (D:9)
  A bombardier beetle (D:5)
  3 hounds
  A jelly (D:5)
  An orc priest (D:9)
  4 iguanas
  A sleepcap (D:5)
  Ijyb (D:5)
  Natasha (thrice) (D:3)
  4 orc wizards
  2 bullfrog simulacra (Ossuary)
  2 mummies (Ossuary)
  4 gnolls
  A howler monkey zombie (D:6)
  3 adders
  A shadow imp (D:5)
  A white imp (D:6)
  4 ufetubi (D:6)
  7 adder zombies (Ossuary)
  2 dart slugs
  A ribbon worm (D:4)
  21 orcs
  3 endoplasms
  4 giant cockroaches
  7 gnoll zombies (Ossuary)
  3 hobgoblins
  5 quokkas
  7 ball pythons
  6 bats
  2 frilled lizards
  4 goblins
  8 jackal zombies (Ossuary)
  16 kobolds
  2 orc zombies (Ossuary)
  8 rats
  A butterfly (D:7)
198 creatures vanquished.

Vanquished Creatures (others)
  A bombardier beetle (D:6)
  An adder zombie (Ossuary)
2 creatures vanquished.

Grand Total: 200 creatures vanquished

Notes
Turn   | Place    | Note
-------+----------+-------------------------------------------
     0 | D:1      | hikkokomori the Coglin Hunter began the quest for the Orb.
     0 | D:1      | Reached XP level 1. HP: 16/16 MP: 1/1
   102 | D:1      | Reached skill level 4 in Ranged Weapons
   102 | D:1      | Reached XP level 2. HP: 19/22 MP: 2/2
   180 | D:1      | Reached XP level 3. HP: 27/27 MP: 3/3
   739 | D:2      | Reached skill level 5 in Ranged Weapons
   739 | D:2      | Reached XP level 4. HP: 33/33 MP: 4/4
  1121 | D:2      | Identified the +3 leather armour of Impressiveness {^Contam
                  | rF+ rN+}
  1152 | D:2      | Learned a level 3 spell: Swiftness
  1426 | D:3      | Noticed Natasha
  1441 | D:3      | Killed Natasha
  1442 | D:3      | Reached skill level 1 in Air Magic
  1442 | D:3      | Reached XP level 5. HP: 19/39 MP: 5/5
  1536 | D:3      | Noticed Natasha
  1543 | D:3      | Killed Natasha
  1641 | D:3      | Noticed Natasha
  1659 | D:3      | Killed Natasha
  1698 | D:3      | Found Taicig's Weapon Emporium.
  2082 | D:4      | Noticed Menkaure
  2219 | D:4      | Found a sand-covered staircase.
  2243 | Ossuary  | Entered an ossuary
  2266 | Ossuary  | Reached XP level 6. HP: 47/47 MP: 6/6
  2416 | Ossuary  | Reached skill level 6 in Ranged Weapons
  2439 | Ossuary  | Reached XP level 7. HP: 43/53 MP: 7/7
  2589 | D:4      | Killed Menkaure
  2705 | D:4      | Found Tuofame's General Store.
  2712 | D:4      | Bought a scroll of identify for 26 gold pieces
  2729 | D:4      | Found a radiant altar of Vehumet.
  2758 | D:4      | Noticed Sigmund
  2763 | D:4      | Killed Sigmund
  2817 | D:4      | Found a sacrificial altar of Ru.
  3001 | D:5      | Entered Level 5 of the Dungeon
  3010 | D:5      | Reached XP level 8. HP: 61/61 MP: 8/8
  3066 | D:5      | Reached skill level 5 in Fighting
  3294 | D:5      | Noticed Ijyb
  3302 | D:5      | Reached skill level 7 in Ranged Weapons
  3303 | D:5      | Killed Ijyb
  3798 | D:6      | Reached skill level 5 in Air Magic
  3919 | D:6      | Reached skill level 1 in Evocations
  3931 | D:6      | Reached skill level 1 in Spellcasting
  3931 | D:6      | Reached XP level 9. HP: 56/70 MP: 8/10
  4516 | D:6      | Found a basalt altar of Yredelemnul.
  4735 | D:6      | Found an opulent altar of Gozag.
  4735 | D:6      | Found a white marble altar of Elyvilon.
  4917 | D:6      | Found a hazy altar of Hepliaklqana.
  5323 | D:7      | Reached skill level 8 in Ranged Weapons
  5447 | D:7      | Found a staircase to the Ecumenical Temple.
  5471 | Temple   | Entered the Ecumenical Temple
  5759 | D:7      | Found an iron altar of Okawaru.
  5762 | D:7      | Became a worshipper of Warmaster Okawaru
  6030 | D:8      | Found Curhil's General Store.
  6598 | D:8      | Identified the +9 spear "Giantslayer" {speed, rElec Dex+4}
  6629 | D:8      | Reached skill level 1 in Invocations
  6631 | D:8      | Reached skill level 5 in Evocations
  6930 | D:8      | Noticed a two-headed ogre
  6951 | D:8      | Killed a two-headed ogre
  6951 | D:8      | Reached * piety under Okawaru
  6951 | D:8      | Reached ** piety under Okawaru
  6952 | D:8      | Reached XP level 10. HP: 55/80 MP: 13/13
  7606 | D:8      | Found a shadowy altar of Dithmenos.
  7896 | D:9      | Reached skill level 9 in Ranged Weapons
  7908 | D:9      | Reached *** piety under Okawaru
  8077 | D:9      | Slain by an ice devil

Illustrated notes

Levels and vault maps discovered:
D:1:      arrival_zaba_pyramid, layout_basic
D:2:      layout_rooms
D:3:      layout_rooms, serial_bayou, serial_bayou_lagoon_b,
          serial_bayou_pond_a, serial_bayou_shore_b, serial_bayou_crossing,
          serial_shops, nicolae_shop_bloodbath_and_beyond, uniq_natasha
D:4:      layout_rooms, mainiacjoe_overflow_boulevard,
          mainiacjoe_overflow_concentric_impassable, serial_shops, shop,
          nicolae_ossuary_entry_false_entrances, uniq_menkaure, uniq_sigmund
D:5:      layout_cave_pools, kennysheep_generic_room_2, uniq_ijyb
D:6:      layout_basic, gammafunk_temple_overflow_pools,
          lemuel_zombie_altar_yredelemnul, marbit_many_paths,
          chequers_big_river, hangedman_decor_opposing, kennysheep_another_room,
          fountainhead, grunt_decor_mini_mirrors, minmay_misc_feat_columns
D:7:      layout_gridville, kennysheep_mini_moat,
          minmay_temple_entry_butterflies
D:8:      layout_basic, grunt_dithmenos_shadows, serial_shops,
          nicolae_shop_trees, st_stairs_10
D:9:      layout_cave_pools, serial_demonic, serial_demonic_d, serial_demonic_c,
          serial_demonic_e, serial_demonic_b, serial_demonic_b,
          serial_demonic_b, serial_demonic_c, serial_demonic_g,
          minmay_microvault
Temple:   minmay_temple_bridge_abc

Skill      XL: |  1  2  3  4  5  6  7  8  9 10 |
---------------+-------------------------------+-----
Ranged Weapons | 4 5 6 7 8 9 |  9.2
Air Magic      | 1 2 3 5 |  5.0
Fighting       | 3 4 6 7 8 |  8.6
Evocations     | 1 6 7 |  7.5
Spellcasting   | 1 2 |  2.0
Invocations    | 2 3 |  3.6
Dodging        | |  1.7
Stealth        | |  0.7

Action                     |  1- 3 |  4- 6 |  7- 9 | 10-12 || total
---------------------------+-------+-------+-------+-------++-------
   Fire: Sling             |   118 |   312 |   624 |   208 ||  1262
 Invoke: Heroism           |       |       |       |     1 ||     1
  Evoke: Wand              |       |       |    21 |     5 ||    26
    Use: Scroll            |     4 |       |    15 |     3 ||    22
         Potion            |       |       |     1 |       ||     1
 Armour: Leather armour    |    11 |    50 |   101 |    39 ||   201
  Dodge: Dodged            |     7 |    34 |    75 |    20 ||   136

Table legend: (Time is in decaauts)
 A = Elapsed time spent in this place.
 B = Non-inter-level travel time spent in this place.
 C = Inter-level travel time spent in this place.
 D = Time resting spent in this place.
 E = Time spent auto-exploring this place.
 F = Levels seen in this place.
 G = Mean time per level.
                   A        B        C        D        E       F      G
               +--------+--------+--------+--------+--------+-----+--------+
         Total |   8231 |   8006 |    225 |    637 |   6020 |  11 |  748.3 |
       Dungeon |   7869 |   7644 |    225 |    637 |   5835 |   9 |  874.3 |
        Temple |     37 |     37 |      0 |      0 |      0 |   1 |   37.0 |
       Ossuary |    324 |    324 |      0 |      0 |    185 |   1 |  324.0 |
               +--------+--------+--------+--------+--------+-----+--------+

Top non-repeatable levels by time:
     D:6: 1595 daAuts
     D:8: 1362 daAuts
     D:3: 1084 daAuts
     D:7: 1002 daAuts
     D:5: 748 daAuts
     D:1: 708 daAuts
     D:4: 495 daAuts
     D:2: 482 daAuts
     D:9: 389 daAuts
 Ossuary: 324 daAuts
  Temple: 37 daAuts
